 Dungeon Crawl Stone Soup version 0.28.0-43-g3370ac3207 (webtiles) character file.

Game seed: 14039828674098000642

1 Pinkishskies the Magician (level 1, 0/15 HPs)
             Began as a Djinni Fire Elementalist on Mar 10, 2022.
             Slain by a quokka (3 damage)
             ... on level 1 of the Dungeon.
             The game lasted 00:00:30 (217 turns).

Pinkishskies the Magician (Djinni Fire Elementalist) Turns: 217, Time: 00:00:31

Health: 0/15       AC:  2    Str:  7    XL:     1   Next: 22%
Gold:   6          EV: 12    Int: 16    God:
                   SH:  0    Dex: 13

rFire   + + .      SeeInvis .   (no weapon)
rCold   x . .      Faith    .   (no shield)
rNeg    . . .      Spirit   .   a - +0 robe
rPois   ∞          Reflect  .   (no helmet)
rElec   .          Harm     .   (no cloak)
rCorr   .          Rampage  .   (no gloves)
Will    .....                   (boots unavailable)
Stlth   ++........              (no amulet)
HPRegen 0.05/turn               (no ring)
MPRegen 0.00/turn               (no ring)

@: flying, very slightly contaminated
A: sickness immunity, fire resistance 2, cold vulnerability 1, float, innate
caster, HP casting, extra vitality 1
a: no special abilities


You were on level 1 of the Dungeon.
You visited 1 branch of the dungeon, and saw 1 of its levels.

You collected 6 gold pieces.

Inventory:

Armour
 a - a +0 robe (worn)
Scrolls
 b - a scroll of summoning {unknown}
Potions
 c - a potion of mutation {unknown}


   Skills:
 + Level 2.1 Dodging
 + Level 1.5 Stealth
 + Level 2.4 Spellcasting


You couldn't memorise any spells.
You knew the following spells:

 Your Spells              Type           Power      Damage    Failure   Level
a - Foxfire               Conj/Fire      36%        2x1d5     7%          1
b - Scorch                Fire           18%        2d6       11%         2
c - Conjure Flame         Conj/Fire      9%         6-21      22%         3
d - Inner Flame           Hex/Fire       9%         N/A       22%         3
e - Flame Wave            Conj/Fire      9%         2d5       56%         4
Your spell library was empty.

Dungeon Overview and Level Annotations

Branches:
Dungeon (1/15)

Altars:


Innate Abilities, Weirdness & Mutations

You are immune to sickness and miasma.
You are immune to poison.
Your flesh is very heat resistant. (rF++)
You are vulnerable to cold. (rC-)
You float through the air rather than walking.
You learn spells naturally, not from books.
Your magical power is your life essence.
You have superior vitality. (+4 MHP)


Message History

Your foxfire dissipates!
You miscast Foxfire.
You are very lightly contaminated with residual magic.
Nothing appears to happen.
The quokka twitches its whiskers.
The quokka misses you.
You miscast Foxfire.
Nothing appears to happen.
The quokka bites you but does no damage.
Casting: Foxfire (safe; 7% risk of failure)
Confirm with . or Enter, or press ? or * to list all spells.
You aren't experienced enough to cast this spell.
Press: ? - help, v - describe, . - travel A rock wall.
You miscast Foxfire.
Nothing appears to happen.
The quokka bites you. The quokka barely misses you.
You conjure some foxfire!
The quokka bites you.
Your foxfire dissipates!
The foxfire hits the quokka.
The quokka is heavily wounded.
You are too injured to fight recklessly!
You are too injured to fight recklessly!
You are too injured to fight recklessly!
The quokka barely misses you.
You are too injured to fight recklessly!
The quokka bites you but does no damage.
You are too injured to fight recklessly!
Casting: Foxfire (safe; 7% risk of failure)
Confirm with . or Enter, or press ? or * to list all spells.
You conjure some foxfire!
The quokka bites you.
* * * LOW HITPOINT WARNING * * *
Your foxfire dissipates!
Casting: Foxfire (safe; 7% risk of failure)
Confirm with . or Enter, or press ? or * to list all spells.
You don't know that spell.
Casting: Foxfire (safe; 7% risk of failure)
Confirm with . or Enter, or press ? or * to list all spells.
You conjure some foxfire!
* * * LOW HITPOINT WARNING * * *
The quokka bites you.
You die...

#.# #.# #.#
. #.# .._
#.#
#######..#
#.#
#........#
#.#
#.######...?
#.####.# #
#.v@r..#
########


You could see a quokka (ally target).

Vanquished Creatures
  2 bats (D:1)
2 creatures vanquished.

Vanquished Creatures (others)
  15 foxfires (D:1)
15 creatures vanquished.

Grand Total: 17 creatures vanquished

Notes
Turn   | Place    | Note
-------+----------+-------------------------------------------
     0 | D:1      | Pinkishskies the Djinni Fire Elementalist began the quest
                  | for the Orb.
     0 | D:1      | Reached XP level 1. HP: 15/15 MP: 0/0
   202 | D:1      | Found a faded altar of an unknown god.
   217 | D:1      | Slain by a quokka

Illustrated notes

Levels and vault maps discovered:
D:1:      psy_arrival_spokes, layout_loops_ring, ebering_ecumenical_altar_box,
          minmay_stone_trees_small, minmay_pentomino_o2

Action                   || total
-------------------------++-------
 Cast: Foxfire           ||    14
Armor: Robe              ||     2
Dodge: Dodged            ||     3
